 Dungeon Crawl Stone Soup version 0.22-a0-580-gd5db89c (webtiles) character file.

28 iamserjio the Firebug (level 3, 5/23 HPs)
             Began as an Octopode Wanderer on July 3, 2018.
             Quit the game on level 1 of the Dungeon.
             The game lasted 00:02:09 (424 turns).

iamserjio the Firebug (Octopode Wanderer)            Turns: 424, Time: 00:02:10

Health: 5/23       AC:  1    Str: 10    XL:     3   Next: 14%
Magic:  6/6        EV: 12    Int: 16    God:
Gold:   27         SH:  0    Dex: 11    Spells: 5/6 levels left

rFire    . . .     SeeInvis .   c - +0 dagger
rCold    . . .     Gourm    .   (no shield)
rNeg     . . .     Faith    .   (helmet restricted)
rPois    .         Spirit   .   (no amulet)
rElec    .         Reflect  .   (no ring)
rCorr    .         Harm     .   (no ring)
MR       .....                  (no ring)
Stlth    +++.......             (no ring)
HPRegen  0.07/turn              (no ring)
MPRegen  0.10/turn              (no ring)
                                (no ring)
                                (no ring)

@: lethally poisoned (5 -> -4)
A: almost no armour, stealthy swim, amphibious, 8 rings, constrict 8, camouflage
1, gelatinous body 1
a: no special abilities


You were on level 1 of the Dungeon.
You were not hungry.

You visited 1 branch of the dungeon, and saw 1 of its levels.

You collected 27 gold pieces.

Inventory:

Hand Weapons
 b - a +1 short sword of venom
 c - a +0 dagger (weapon)
Comestibles
 a - 3 chunks of flesh
 d - 3 rations


   Skills:
 + Level 1.0 Fighting
 + Level 0.9 Dodging
 - Level 1.5 Stealth
 + Level 2.1 Spellcasting
 + Level 0.8 Conjurations
   Level 1.0 Hexes
   Level 2.0 Transmutations
 * Level 3.3 Fire Magic
   Level 1.1 Evocations


You had 5 spell levels left.
You knew the following spells:

 Your Spells              Type           Power        Failure   Level  Hunger
a - Flame Tongue          Conj/Fire      #....        9%          1    #......

Your spell library contained the following spells:

 Spells                   Type           Power        Failure   Level  Hunger
 Fireball                 Conj/Fire      #.........   94%         5    ######.
 Conjure Flame            Conj/Fire      #.......     26%         3    ###....
 Throw Flame              Conj/Fire      #.....       13%         2    ###....
 Sticky Flame             Conj/Fire      #.......     65%         4    #####..
 Sublimation of Blood     Necr           #.........   30%         2    ###....
 Corpse Rot               Necr           N/A          30%         2    ###....
 Inner Flame              Hex/Fire       #.......     26%         3    ###....


Dungeon Overview and Level Annotations

Branches:
Dungeon (1/15)

Altars:


Innate Abilities, Weirdness & Mutations

You cannot wear most types of armour.
You are very stealthy in the water. (Stealth+)
You are amphibious.
You can wear up to eight rings at the same time.
You can use your tentacles to constrict eight enemies at once.
Your skin changes colour to match your surroundings (Stealth+).
Your rubbery body absorbs attacks. (AC +1, EV +1)


Message History

You are lethally poisoned!
You hit the goblin.
You kill the goblin!
You feel sick.
You are too injured to fight recklessly!
You aren't carrying any potions.
You feel sick.
You see here a dagger of venom.
You feel sick.
You feel sick.
You feel sick. The bat hits you but does no damage.
You feel sick. The bat completely misses you.
You feel sick. The bat hits you but does no damage.
You feel sick.
You feel sick.
* * * LOW HITPOINT WARNING * * *
You feel sick.
* * * LOW HITPOINT WARNING * * *
You feel sick. The bat misses you.
Are you sure you want to abandon this character and quit the game? (Confirm with "yes".)

.....#
####.#.##
######
#.#..#
##.###.##
#.# ##.#
##.###.##
#.#.##
#.## #b#
#@#
........#
#######.#
#.# #.#
#.# #.#
#.. #


You could see a bat.

Vanquished Creatures
  A gnoll (D:1)
  An ooze (D:1)
  2 ball pythons (D:1)
  2 bats (D:1)
  2 goblins (D:1)
  A hobgoblin (D:1)
  A jackal (D:1)
  A kobold (D:1)
  3 rats (D:1)
14 creatures vanquished.

Notes
Turn   | Place    | Note
-------+----------+-------------------------------------------
     0 | D:1      | iamserjio the Octopode Wanderer began the quest for the Orb.
     0 | D:1      | iamserjio set off with: a +0 dagger, a ration
     0 | D:1      | Reached XP level 1. HP: 11/11 MP: 3/3
    69 | D:1      | Learned a level 1 spell: Flame Tongue
   157 | D:1      | Reached XP level 2. HP: 18/18 MP: 5/5
   222 | D:1      | Reached skill level 1 in Fighting
   222 | D:1      | Reached XP level 3. HP: 13/23 MP: 1/6
   424 | D:1      | Quit the game

Vault maps used:
D:1:      saegor_arrival_simple_d, st_stairs_14

Skill      XL: |  1  2 |
---------------+-------+-----
Fighting       | 1 |  1.0
Dodging        | |  0.9
Stealth        | |  1.5
Spellcasting   | |  2.1
Conjurations   | |  0.8
Hexes          | |  1.0
Transmutations | |  2.0
Fire Magic     | |  3.3
Evocations     | |  1.1

Action                   || total
-------------------------++-------
Melee: Dagger            ||    21
       Constrict         ||     5
       Tentacles         ||     4
 Cast: Flame Tongue      ||     6
 Stab: Sleeping          ||     6
Armor: Skin              ||     5
Dodge: Dodged            ||    14

Table legend:
 A = Spawn XP
 B = Non-spawn XP
 C = Spawn XP percentage of total XP
 D = Spawn monster count
 E = Non-spawn monster count
 F = Spawn count percentage of total count
 G = Total turns spent on level
                    A         B        C        D         E        F      G
               +---------+---------+-------+---------+---------+-------+---------
         Total |       0 |      41 |   0.0 |       0 |      14 |   0.0 |   424
               +---------+---------+-------+---------+---------+-------+---------
           D:1 |       0 |      41 |   0.0 |       0 |      14 |   0.0 |   424
               +---------+---------+-------+---------+---------+-------+---------
